 Dungeon Crawl Stone Soup version 0.31.0-1-g2c135a008e (webtiles) character file.

Game seed: 13966687873708484760

1127 qw the Shooter (level 8, -6/58 HPs)
             Began as a Djinni Hunter on Jan 23, 2024.
             Mangled by Duvessa
             ... wielding a +2 rapier of electrocution
              (7 damage)
             ... on level 6 of the Dungeon.
             The game lasted 00:00:17 (4128 turns).

qw the Shooter (Djinni Hunter)                      Turns: 4128, Time: 00:00:18

Health: -6/58      AC: 10    Str: 10    XL:     8   Next: 62%
Gold:   156        EV: 13    Int: 11    God:
                   SH:  5    Dex: 25

rFire   + + .        f - +0 shortbow (flame)
rCold   x . .        (shield currently unavailable)
rNeg    + . .        a - +0 ring mail
rPois   inf          (no helmet)
rElec   .            (no cloak)
rCorr   .            j - +0 pair of gloves
SInv    .            (boots unavailable)
Will    .....        e - amulet of reflection
Stlth   ++           h - +6 ring of dexterity
HPRegen 0.00/turn    c - ring of positive energy
MPRegen 0.00/turn

%: reflection, infuse magic (-7 HP)
@: about to teleport, flying, inhibited regen
A: sickness immunity, fire resistance 2, cold vulnerability 1, float, innate
caster, HP casting, extra vitality 1, iridescent scales 2, inhibited
regeneration
a: no special abilities


You were on level 6 of the Dungeon.
You visited 2 branches of the dungeon, and saw 7 of its levels.

You collected 244 gold pieces.
You spent 88 gold pieces at shops.


Innate Abilities, Weirdness & Mutations

You are immune to sickness and miasma.
You are immune to poison.
Your flesh is very heat resistant. (rF++)
You are vulnerable to cold. (rC-)
You float through the air rather than walking.
You learn spells naturally, not from books.
Your magical power is your life essence.
You have superior vitality. (+4 MHP)
You are mostly covered in iridescent scales. (AC +4)
You do not regenerate when monsters are visible.


   Skills:
 + Level 4.1 Fighting
 - Level 7.1 Ranged Weapons
 - Level 2.0 Armour
 - Level 5.0 Dodging
 - Level 0.7 Stealth


You knew the following spells:

 Your Spells              Type           Power      Damage    Failure   Level
a - Slow                  Hex            0%         N/A       65%         1
b - Scorch                Fire           0%         2d5       80%         2
c - Swiftness             Air            0%         N/A       95%         3
Your spell library was empty.

Inventory:

Hand Weapons
 f - a +0 shortbow of flaming (weapon)
Armour
 a - a +0 ring mail (worn)
 j - a +0 pair of gloves (worn)
Jewellery
 c - a ring of positive energy (right hand)
 e - an amulet of reflection (around neck)
 h - a +6 ring of dexterity (left hand)
Wands
 b - a wand of paralysis (2) (quivered)
 k - a wand of digging (4)
Potions
 g - a potion of resistance
 l - a potion of lignification {unknown}

Dungeon Overview and Level Annotations

Branches:
Dungeon (6/15)             Temple (1/1) D:5

Altars:
Cheibriados
Dithmenos
Elyvilon
Fedhas
Gozag
Hepliaklqana
Makhleb
Nemelex Xobeh
Qazlal
Ru
Trog
Uskayaw
Wu Jian
Xom
Yredelemnul
Zin
The Shining One

Shops:
D:5 (

Annotations:
D:3 1 runed translucent door, Crazy Yiuf
D:6 Dowan, Duvessa


Message History

Duvessa, Dowan, an orc and an orc wizard come into view.
Duvessa is wielding a +2 rapier of electrocution.
The orc wizard is wielding a +2 dagger of protection.
Duvessa shouts!
Dowan shouts!
The orc shouts!
The orc wizard shouts!
You hear a shout!
An orc comes into view. It is wielding a +0 hand axe.
You shoot an arrow. The arrow barely misses Dowan.
The arrow hits Duvessa but does no damage.
An orc comes into view. It is wielding a +0 falchion.
You shoot an arrow. The orc shouts!
The arrow hits Duvessa but does no damage.
An orc priest comes into view. It is wielding a +0 dagger.
You shoot an arrow. The orc priest shouts!
The arrow hits Dowan!
The arrow burns Dowan.
Dowan is heavily wounded.
Duvessa hits you with a +2 rapier of electrocution!
You are electrocuted!!
The orc wizard casts a spell.
The orc wizard flickers and vanishes!
Deactivating autopickup; reactivate with Ctrl-A.
You shoot an arrow. The arrow misses Dowan.
Duvessa hits you but does no damage.
You are electrocuted!
Dowan barely misses you.
You shoot an arrow. The arrow closely misses Dowan.
Duvessa hits you with a +2 rapier of electrocution!
Dowan gestures at Duvessa while chanting.
Duvessa seems to speed up.
4126 ||| READING scroll of teleportation.
As you read the scroll of teleportation, it crumbles to dust.
You feel strangely unstable.
Duvessa hits you with a +2 rapier of electrocution!
Dowan completely misses you. You block Duvessa's attack.
4127 ||| RETREEEEATING.
4128 ||| ZAPPING wand of paralysis (3) at -1,1 (Duvessa; floor).
Aiming: Paralyse
Press: ? - help, Q - select action, (/) - cycle Shift-Dir - straight line, f - Duvessa, p - Dowan Duvessa easily resists.
Duvessa hits you with a +2 rapier of electrocution!
You die...

#..... ..... ....
... ### #.o ###.####
#oo##......##.#
...##..#@...<.....#
.......e...........#
.#.##..e....%......#
#...........#.##
##..........# #
#........###
#.......##
#.........
..........


You could see Duvessa (fast) and Dowan.

Vanquished Creatures
  Grinder (D:2)
  Eustachio (D:5)
  A water moccasin (D:4)
  2 black bears (D:5)
  A centaur (D:5)
  A phantom (D:5)
  A scorpion (D:4)
  A jelly (D:5)
  2 hounds (D:5)
  An orc priest (D:5)
  2 orc wizards
  5 adders
  A ribbon worm (D:5)
  8 orcs
  5 bats
  13 endoplasms
  2 giant cockroaches
  7 goblins
  4 hobgoblins (D:1)
  3 jackals (D:1)
  9 kobolds
  6 quokkas
  9 ball pythons
  6 frilled lizards
  4 rats
96 creatures vanquished.

Notes
Turn   | Place    | Note
-------+----------+-------------------------------------------
     0 | D:1      | qw the Djinni Hunter began the quest for the Orb.
     0 | D:1      | Reached XP level 1. HP: 18/18 MP: 0/0
     0 | D:1      | 0 ||| qw: Version: 0.3-a-134-g2ba4250
     0 | D:1      | 0 ||| qw: Game counter: 713
     0 | D:1      | 0 ||| qw: Melee chars always use a shield: true
     0 | D:1      | 0 ||| qw: God list: Okawaru
     0 | D:1      | 0 ||| qw: Allow faded altars: false
     0 | D:1      | 0 ||| qw: Do Orc after clearing Dungeon:15 true
     0 | D:1      | 0 ||| qw: Do second Lair branch before Depths: true
     0 | D:1      | 0 ||| qw: Lair rune preference: random
     0 | D:1      | 0 ||| qw: Goals: Normal
     0 | D:1      | 0 ||| PLANNING D:1-11
    73 | D:1      | Reached XP level 2. HP: 23/23 MP: 0/0
   140 | D:1      | Reached skill level 4 in Ranged Weapons
   140 | D:1      | Reached XP level 3. HP: 22/28 MP: 0/0
   140 | D:1      | Learned a level 1 spell: Slow
   514 | D:1      | 514 ||| UPGRADING to amulet of reflection.
   519 | D:1      | 519 ||| READING scroll labelled VIBRUCOKLU.
   520 | D:1      | 520 ||| READING scroll labelled YVEPUVI ZUAG.
   521 | D:1      | 521 ||| READING scroll labelled IMEAPEU JOFACI.
   521 | D:1      | 521 ||| IDENTIFYING blue potion
   522 | D:1      | 522 ||| DROPPING scroll of butterflies.
   792 | D:2      | Reached skill level 3 in Fighting
   792 | D:2      | Reached XP level 4. HP: 32/35 MP: 0/0
   913 | D:2      | Identified the +1 scale mail of Somewhere Else {rElec rC+++
                  | Will- Regen+}
  1313 | D:2      | 1313 ||| UPGRADING to +6 ring of dexterity.
  1314 | D:2      | 1314 ||| READING scroll labelled VOB VIZEOPLAY.
  1315 | D:2      | 1315 ||| DRINKING 3 bubbling sapphire potions.
  1316 | D:2      | 1316 ||| DROPPING 2 potions of brilliance.
  1522 | D:3      | Found a faded altar of an unknown god.
  1670 | D:3      | Reached skill level 3 in Dodging
  1671 | D:3      | 1671 ||| DRINKING smoky inky potion.
  1676 | D:3      | 1676 ||| DRINKING fizzy amethyst potion.
  1681 | D:3      | Reached XP level 5. HP: 40/40 MP: 0/0
  1681 | D:3      | Learned a level 2 spell: Scorch
  1686 | D:3      | 1686 ||| FLEEEEING.
  1687 | D:3      | 1687 ||| FLEEEEING.
  1688 | D:3      | 1688 ||| FLEEEEING.
  1689 | D:3      | 1689 ||| FLEEEEING.
  1690 | D:3      | 1690 ||| FLEEEEING.
  1691 | D:3      | 1691 ||| FLEEEEING.
  1692 | D:3      | 1692 ||| FLEEEEING.
  1693 | D:3      | 1693 ||| FLEEEEING.
  1694 | D:3      | 1694 ||| FLEEEEING.
  1695 | D:3      | 1695 ||| FLEEEEING.
  1696 | D:3      | 1696 ||| FLEEEEING.
  1697 | D:3      | 1697 ||| DRINKING red potion.
  1697 | D:3      | Gained mutation: You are partially covered in iridescent
                  | scales. (AC +2) [potion of mutation]
  1697 | D:3      | Gained mutation: You do not regenerate when monsters are
                  | visible. [potion of mutation]
  1697 | D:3      | Gained mutation: You are mostly covered in iridescent
                  | scales. (AC +4) [potion of mutation]
  1698 | D:3      | 1698 ||| DRINKING puce potion.
  1699 | D:3      | 1699 ||| DRINKING fizzy clear potion.
  1700 | D:3      | 1700 ||| FLEEEEING.
  1701 | D:3      | 1701 ||| FLEEEEING.
  1702 | D:3      | 1702 ||| FLEEEEING.
  1703 | D:3      | 1703 ||| FLEEEEING.
  1704 | D:3      | 1704 ||| FLEEEEING.
  1705 | D:3      | 1705 ||| FLEEEEING.
  1706 | D:3      | 1706 ||| FLEEEEING.
  1707 | D:3      | 1707 ||| FLEEEEING.
  1708 | D:3      | 1708 ||| FLEEEEING.
  1709 | D:3      | 1709 ||| FLEEEEING.
  1710 | D:3      | 1710 ||| FLEEEEING.
  1711 | D:3      | 1711 ||| FLEEEEING.
  1712 | D:3      | 1712 ||| FLEEEEING.
  1721 | D:3      | 1721 ||| FLEEEEING.
  1722 | D:3      | 1722 ||| FLEEEEING.
  1723 | D:3      | 1723 ||| FLEEEEING.
  1725 | D:3      | 1725 ||| FLEEEEING.
  1726 | D:3      | 1726 ||| STAIRDANCE
  1783 | D:2      | 1783 ||| READING scroll of identify.
  1783 | D:2      | 1783 ||| IDENTIFYING sedimented grey potion
  1784 | D:2      | 1784 ||| DROPPING potion of degeneration.
  1787 | D:3      | 1787 ||| STAIRDANCE
  1879 | D:3      | 1879 ||| READING scroll of identify.
  1879 | D:3      | 1879 ||| IDENTIFYING scroll labelled HURISCH FEETU
  1880 | D:3      | 1880 ||| READING scroll labelled QYCKEPYCWUU.
  2012 | D:3      | Noticed Grinder
  2015 | D:3      | 2015 ||| FLEEEEING.
  2016 | D:3      | 2016 ||| FLEEEEING.
  2017 | D:3      | 2017 ||| FLEEEEING.
  2018 | D:3      | 2018 ||| STAIRDANCE
  2072 | D:2      | 2072 ||| READING scroll labelled TIRHIU TAONWEM.
  2184 | D:3      | Paralysed by Grinder for 2 turns
  2186 | D:3      | 2186 ||| STAIRDANCE
  2190 | D:2      | Paralysed by Grinder for 2 turns
  2193 | D:2      | Killed Grinder
  2194 | D:2      | Reached skill level 5 in Ranged Weapons
  2194 | D:2      | Reached XP level 6. HP: 39/46 MP: 0/0
  2354 | D:3      | Found a runed translucent door.
  2355 | D:3      | Noticed Crazy Yiuf
  2453 | D:3      | 2453 ||| READING scroll labelled MYXUYTW RONA.
  2454 | D:3      | 2454 ||| READING scroll labelled ZIKOPY PIPY.
  2454 | D:3      | 2454 ||| ENCHANTING +0 shortbow.
  2494 | D:4      | You are sucked into a shaft and drop 1 floor!
  2494 | D:5      | Entered Level 5 of the Dungeon
  2647 | D:4      | Reached XP level 7. HP: 44/52 MP: 0/0
  2647 | D:4      | Learned a level 3 spell: Swiftness
  2682 | D:4      | Noticed a water moccasin
  2683 | D:4      | 2683 ||| ZAPPING wand of paralysis (10) at -7,2 (water
                  | moccasin; floor).
  2688 | D:4      | Killed a water moccasin
  2951 | D:4      | 2951 ||| UPGRADING to +0 pair of gloves.
  2956 | D:4      | 2956 ||| READING scroll labelled ZAMPIC WIWU.
  2957 | D:4      | 2957 ||| READING scroll labelled YTIUXE YWOSE.
  2975 | D:5      | Found Ogafahob's Weapon Emporium.
  2983 | D:5      | 2983 ||| BUYING +0 shortbow of flaming (88 gold).
  2983 | D:5      | Bought a +0 shortbow of flaming for 88 gold pieces
  2983 | D:5      | 2983 ||| SWAPPING to +0 shortbow of flaming.
  2984 | D:5      | 2984 ||| DROPPING +0 shortbow.
  3008 | D:5      | Found a bloodstained altar of Trog.
  3012 | D:5      | 3012 ||| RETREEEEATING.
  3028 | D:5      | Reached XP level 8. HP: 27/58 MP: 0/0
  3204 | D:5      | Noticed Eustachio
  3205 | D:5      | 3205 ||| ZAPPING wand of paralysis (9) at 5,-7 (Eustachio;
                  | floor).
  3206 | D:5      | 3206 ||| ZAPPING wand of paralysis (8) at 5,-6 (Eustachio;
                  | floor).
  3207 | D:5      | 3207 ||| ZAPPING wand of paralysis (7) at 5,-5 (Eustachio;
                  | floor).
  3208 | D:5      | 3208 ||| ZAPPING wand of paralysis (6) at 2,-3 (Eustachio;
                  | floor).
  3209 | D:5      | 3209 ||| ZAPPING wand of paralysis (5) at 1,-2 (Eustachio;
                  | floor).
  3210 | D:5      | 3210 ||| ZAPPING wand of paralysis (4) at 0,-1 (Eustachio;
                  | floor).
  3213 | D:5      | Killed Eustachio
  3214 | D:5      | Reached skill level 6 in Ranged Weapons
  3486 | D:5      | Found a staircase to the Ecumenical Temple.
  3487 | D:5      | 3487 ||| PLANNING TEMPLE
  3487 | D:5      | 3487 ||| UPGRADING to +0 ring mail.
  3497 | D:5      | 3497 ||| DROPPING +0 leather armour.
  3505 | Temple   | Entered the Ecumenical Temple
  3506 | Temple   | 3506 ||| PLANNING D:1-11
  3551 | D:5      | Reached skill level 7 in Ranged Weapons
  4074 | D:5      | 4074 ||| UPGRADING to ring of positive energy.
  4120 | D:6      | Noticed Duvessa
  4120 | D:6      | Noticed Dowan
  4125 | D:6      | HP: 10/58 [Duvessa/+2 rapier of electrocution (8)]
  4126 | D:6      | 4126 ||| READING scroll of teleportation.
  4126 | D:6      | HP: 1/58 [Duvessa/+2 rapier of electrocution (9)]
  4127 | D:6      | 4127 ||| RETREEEEATING.
  4128 | D:6      | 4128 ||| ZAPPING wand of paralysis (3) at -1,1 (Duvessa;
                  | floor).
  4128 | D:6      | Mangled by Duvessa

Levels and vault maps discovered:
D:1:      dpeg_arrival_rooms_b, layout_rooms, chequers_serial_rivers_micro_c,
          minmay_misc_feat_enclosed, hangedman_decor_peaks_small,
          dreamdust_mushroom_princess
D:2:      layout_basic
D:3:      layout_basic, shapermc_ecumenical_altar_flowoftime,
          uniq_crazy_yiuf_cottage, uniq_grinder
D:4:      layout_rooms, minivault_11
D:5:      layout_layer_cave, trog_ov_bears_minmay, minmay_temple_entry_junction,
          serial_shops, nicolae_diamond_shop, roderic_roman_lattice,
          serial_bayou_pond_a, uniq_eustachio
D:6:      layout_cave_pools, lemuel_doored_altar, fiery_altar_vehumet,
          uniq_duvessa
Temple:   regret_index_temple_chain_breaker

Skill      XL: |  1  2  3  4  5  6  7  8 |
---------------+-------------------------+-----
Ranged Weapons | 4 5 7 |  7.1
Fighting       | 3 4 |  4.1
Dodging        | 3 4 5 |  5.0
Armour         | 2 |  2.0
Stealth        | |  0.7

Action                     |  1- 3 |  4- 6 |  7- 9 || total
---------------------------+-------+-------+-------++-------
   Fire: Shortbow          |    88 |    98 |    81 ||   267
  Evoke: Wand              |       |       |     8 ||     8
    Use: Scroll            |     3 |     7 |     3 ||    13
         Potion            |       |     6 |       ||     6
 Armour: Leather armour    |    12 |    20 |    18 ||    50
         Ring mail         |       |       |     7 ||     7
  Dodge: Dodged            |    17 |    21 |    24 ||    62
  Block: Other             |     1 |     8 |     6 ||    15
         Reflection        |       |     1 |       ||     1

Table legend:
 A = Non-vault XP
 B = Vault XP
 C = Vault XP percentage of total XP
 D = Non-vault monster count
 E = Vault monster count
 F = Vault count percentage of total count
                 A         B        C        D         E       F
            +---------+---------+-------+---------+---------+-------
      Total |     883 |     728 |  45.2 |      92 |       4 |   4.2
            +---------+---------+-------+---------+---------+-------
        D:1 |      55 |       0 |   0.0 |      32 |       0 |   0.0
        D:2 |      74 |     281 |  79.2 |      19 |       1 |   5.0
        D:3 |      91 |       0 |   0.0 |      19 |       0 |   0.0
        D:4 |     234 |       0 |   0.0 |       8 |       0 |   0.0
        D:5 |     416 |     447 |  51.8 |      13 |       3 |  18.8
        D:6 |      13 |       0 |   0.0 |       1 |       0 |   0.0
            +---------+---------+-------+---------+---------+-------
